 Dungeon Crawl Stone Soup version 0.27.1-33-g824d729ab1 (webtiles) character file.

Game seed: 13779686163844793527

9391 pkoi the Grappler (level 11, 0/81 HPs)
             Began as a Pale Draconian Artificer on Dec 9, 2021.
             Was a High Priest of Okawaru.
             Slain by a black mamba (12 damage)
             ... on level 1 of the Lair of Beasts.
             The game lasted 00:20:05 (16525 turns).

pkoi the Grappler (Pale Draconian Artificer)       Turns: 16525, Time: 00:20:05

Health: 0/81       AC:  8    Str: 15    XL:     11   Next: 22%
Magic:  24/26      EV: 18    Int: 15    God:    Okawaru [*****.]
Gold:   894        SH:  0    Dex: 11    Spells: 7/18 levels left

rFire    + . .     SeeInvis .     - Unarmed
rCold    + . .     Faith    .   (no shield)
rNeg     . . .     Spirit   .   (armour unavailable)
rPois    .         Reflect  .   (helmet restricted)
rElec    .         Harm     .   (no cloak)
rCorr    .         Rampage  .   t - +0 pair of gloves "Uxkein" {rF+ rC+ MP+9 Slay+3}
Will     .....                  (no boots)
Stlth    +++.......             (no amulet)
HPRegen  0.23/turn              l - +4 ring of slaying
MPRegen  0.20/turn              n - +4 ring of evasion

@: lethally poisoned (0 -> -13), heroic
A: breathe steam, AC +7, unfitting armour, cold-blooded, steam resistance
a: Breathe Steam, Renounce Religion, Heroism, Finesse


You were on level 1 of the Lair of Beasts.
You worshipped Okawaru.
Okawaru was extremely pleased with you.
You visited 3 branches of the dungeon, and saw 12 of its levels.

You collected 894 gold pieces.

Inventory:

Hand Weapons
 h - a +1 vorpal hand axe
 i - a +1 whip of draining
Missiles
 k - a curare-tipped dart
 r - 14 boomerangs
 u - 14 poisoned darts
Armour
 t - the +0 pair of gloves "Uxkein" (worn) {rF+ rC+ MP+9 Slay+3}
   (You found it on level 7 of the Dungeon)

   Slay:      It affects your accuracy & damage with ranged weapons and melee
   (+3).
   rF:        It protects you from fire.
   rC:        It protects you from cold.
   MP:        It affects your magic capacity (+9).
Jewellery
 a - an amulet of faith
 l - a +4 ring of slaying (left hand)
 n - a +4 ring of evasion (right hand)
 v - a +6 ring of strength
Wands
 b - a wand of flame (28)
 c - a wand of charming (12)
Scrolls
 o - 3 scrolls of teleportation
 p - 4 scrolls of fear
 q - 5 scrolls of identify
 w - a scroll of enchant armour
 y - 2 scrolls of amnesia
Potions
 e - a potion of might
 f - 2 potions of brilliance
 g - 3 potions of haste
 j - a potion of resistance
 m - 3 potions of heal wounds
 s - 3 potions of curing
 x - a potion of berserk rage
Miscellaneous
 d - a piece from Xom's chessboard (15/15)


   Skills:
 - Level 2.8(7.8) Fighting
 - Level 3.1(8.1) Dodging
 - Level 0.8(5.8) Stealth
 + Level 13.0(18.0) Unarmed Combat
 - Level 4.0 Spellcasting
 + Level 6.3 Hexes
 - Level 4.0 Translocations
 - Level 4.8 Invocations
 - Level 4.5 Evocations


You had 7 spell levels left.
You knew the following spells:

 Your Spells              Type           Power      Damage    Failure   Level
a - Confusing Touch       Hex            22%        N/A       4%          3
b - Slow                  Hex            22%        N/A       1%          2
c - Cause Fear            Hex            11%        N/A       13%         4
d - Blink                 Tloc           N/A        N/A       5%          2

Your spell library contained the following spells:

 Spells                   Type           Power      Damage    Failure   Level
 Lesser Beckoning         Tloc           7%         N/A       11%         3
 Inner Flame              Hex/Fire       12%        N/A       16%         3
 Ignite Poison            Fire/Tmut/Pois 3%         N/A       47%         3
 Mephitic Cloud           Conj/Pois/Air  3%         N/A       47%         3
 Ozocubu's Armour         Ice            3%         N/A       47%         3
 Vampiric Draining        Necr           1%         2d6       47%         3
 Manifold Assault         Tloc           15%        N/A       67%         5
 Bolt of Magma            Conj/Fire/Erth 1%         4d4       99%         5
 Dragon Form              Tmut           1%         N/A       100%        7
 Ozocubu's Refrigeration  Ice            1%         4d5       100%        7
 Discord                  Hex            11%        N/A       100%        8
 Dragon's Call            Summ           1%         N/A       100%        9


Dungeon Overview and Level Annotations

Branches:
Dungeon (9/15)             Temple (1/1) D:4            Lair (2/6) D:8
  Swamp: Lair:2-4    Shoals: Lair:2-4     Snake: Lair:2-4    Spider: Lair:2-4
    Orc: D:9-12

Altars:
Ashenzari
Cheibriados
Dithmenos
Elyvilon
Fedhas
Gozag
Hepliaklqana
Kikubaaqudgha
Makhleb
Nemelex Xobeh
Okawaru
Qazlal
Ru
Sif Muna
Trog
Uskayaw
Vehumet
Wu Jian
Xom
Yredelemnul
Zin
The Shining One

Annotations:
D:6 Maggie
D:8 3 runed translucent doors, Foxy's ghost, novice DsFi
Lair:2 Harold; Urug


Innate Abilities, Weirdness & Mutations

You can breathe blasts of scalding, opaque steam.
Your pale cyan-grey scales are hard. (AC +7)
You cannot fit into any form of body armour.
You are cold-blooded and may be slowed by cold attacks.
You are immune to the effects of steam.


Message History

You closely miss the black mamba.
Your tail-slap misses the black mamba.
The black mamba is lightly wounded.
You feel very sick.
The black mamba bites you but does no damage.
The black mamba bites you!
Unknown command.
You feel very sick.
Harold opens the door.
The black mamba barely misses you.
You feel very sick.
You feel sick. The black mamba barely misses you.
Urug sings a few bars from the Orcish anthem.
You feel sick. The black mamba bites you!
* * * LOW HITPOINT WARNING * * *
You are more poisoned.
The black mamba poisons you!
There is a stone staircase leading up here.
* * * LOW HITPOINT WARNING * * *
You feel very sick.
The black mamba bites you but does no damage.
Urug drinks a potion.
Urug goes berserk!
The black mamba barely misses you.
You climb upwards.
* * * LOW HITPOINT WARNING * * *
You feel very sick.
There is a stone staircase leading down here.
You feel better. The black mamba misses you.
The black mamba bites you but does no damage.
You gain the combat prowess of a mighty hero.
The black mamba closely misses you.
You pummel the black mamba!!
The black mamba is severely wounded.
The black mamba barely misses you. The black mamba bites you!
* * * LOW HITPOINT WARNING * * *
You are lethally poisoned!
The black mamba poisons you!
You hit the black mamba.
The black mamba is severely wounded.
* * * LOW HITPOINT WARNING * * *
You feel very sick. The black mamba bites you!
You die...

.................................
..................#####.##......#
#.................####.###.....##
#....#.#######.....#....##.....##
#....#.......P....#.....##)....##
#.......................##......#
.....#.......#....##....##.....##
.....P..........S.##.#..##.....#.
#............#..@..#'##.##......#
#....#.........................##
#............#...................
......#.#+##.P...................
.................................
.................................
.....###P.####..................#
.....#.......#..................#
##...#.......#..................#


You could see a black mamba.

Vanquished Creatures
  A two-headed ogre (D:7)
  A deep elf pyromancer (D:7)
  Joseph (D:7)
  2 komodo dragons (Lair:1)
  A hornet (D:8)
  A slime creature (D:7)
  8 yaks
  A basilisk (Lair:1)
  3 fire bats (D:9)
  3 water moccasins
  2 black bears
  3 orc warriors
  4 ice beasts
  A necrophage (D:5)
  2 sky beasts
  6 ogres
  2 hornet zombies
  A phantom (D:5)
  5 centaurs
  3 kobold brigands
  7 bullfrogs
  2 wyvern zombies
  4 scorpions
  10 killer bees
  5 wights
  A howler monkey (D:5)
  2 centaur zombies
  2 hounds
  2 jellies
  3 orc priests
  2 centaur skeletons
  A gnoll shaman (D:6)
  Jessica (D:2)
  Natasha (twice) (D:4)
  7 iguanas
  7 orc wizards
  A killer bee zombie (D:9)
  A hound zombie (D:5)
  2 hound skeletons (D:4)
  2 howler monkey zombies (D:7)
  Robin (D:1)
  7 adders
  9 gnolls (D:5)
  A howler monkey skeleton (D:4)
  A shadow imp (D:7)
  4 white imps
  An adder skeleton (D:4)
  3 worms
  2 dart slugs
  30 orcs
  5 ball pythons
  8 bats
  13 endoplasms
  6 giant cockroaches
  13 goblins
  9 hobgoblins
  5 jackals
  4 quokkas
  2 frilled lizards
  53 kobolds
  A quokka zombie (D:6)
  6 rats
299 creatures vanquished.

Vanquished Creatures (collateral kills)
  Natasha (D:4)
1 creature vanquished.

Vanquished Creatures (others)
  An orc (D:7)
  20 fungi
  22 plants
43 creatures vanquished.

Grand Total: 343 creatures vanquished

Notes
Turn   | Place    | Note
-------+----------+-------------------------------------------
     0 | D:1      | pkoi the Draconian Artificer began the quest for the Orb.
     0 | D:1      | Reached XP level 1. HP: 16/16 MP: 1/1
   234 | D:1      | Reached skill level 1 in Unarmed Combat
   245 | D:1      | Reached XP level 2. HP: 14/23 MP: 2/2
   795 | D:1      | Noticed a great orb of eyes
   802 | D:1      | Found a faded altar of an unknown god.
   818 | D:1      | Noticed a great orb of eyes
   818 | D:1      | Noticed a great orb of eyes
   818 | D:1      | Noticed a golden eye
  1452 | D:2      | Reached XP level 3. HP: 28/28 MP: 3/3
  1459 | D:2      | Noticed Robin
  1614 | D:1      | Reached skill level 2 in Unarmed Combat
  1847 | D:1      | Killed Robin
  2202 | D:2      | Reached XP level 4. HP: 33/35 MP: 4/4
  2624 | D:2      | Reached skill level 3 in Unarmed Combat
  3247 | D:3      | Found a shadowy altar of Dithmenos.
  3407 | D:2      | Reached XP level 5. HP: 10/40 MP: 5/5
  3820 | D:2      | Noticed Jessica
  3826 | D:2      | Killed Jessica
  3827 | D:2      | Reached skill level 4 in Unarmed Combat
  5338 | D:3      | Reached skill level 5 in Unarmed Combat
  5579 | D:4      | Reached XP level 6. HP: 47/47 MP: 6/6
  5599 | D:4      | Noticed Natasha
  5616 | D:4      | Killed Natasha
  5630 | D:4      | Reached skill level 6 in Unarmed Combat
  5736 | D:4      | Found a snail-covered altar of Cheibriados.
  5828 | D:4      | Noticed Natasha
  5850 | D:4      | Killed Natasha
  6199 | D:4      | Your scales start taking on a pale cyan-grey colour.
  6199 | D:4      | Reached XP level 7. HP: 34/52 MP: 7/7
  6199 | D:4      | Gained mutation: You are immune to the effects of steam.
                  | [Pale Draconian growth]
  6318 | D:4      | Found a staircase to the Ecumenical Temple.
  6339 | Temple   | Entered the Ecumenical Temple
  7069 | D:4      | Noticed Natasha
  7090 | D:4      | Killed Natasha
  7091 | D:4      | Reached skill level 7 in Unarmed Combat
  7388 | Temple   | Became a worshipper of Warmaster Okawaru
  7433 | D:5      | Entered Level 5 of the Dungeon
  7504 | D:5      | Reached skill level 1 in Invocations
  7626 | D:5      | Reached * piety under Okawaru
  7774 | D:5      | Reached skill level 8 in Unarmed Combat
  8304 | D:5      | Reached XP level 8. HP: 59/59 MP: 10/10
  8907 | D:6      | Reached ** piety under Okawaru
  8934 | D:6      | Reached skill level 9 in Unarmed Combat
  8979 | D:6      | Found a glowing silver altar of Zin.
  8982 | D:6      | Found a bloodstained altar of Trog.
  8985 | D:6      | Found a glowing golden altar of the Shining One.
  9064 | D:6      | Learned a level 3 spell: Confusing Touch
  9133 | D:6      | Reached skill level 10 in Unarmed Combat
  9611 | D:5      | Reached XP level 9. HP: 33/64 MP: 12/12
  9866 | D:6      | Noticed Maggie
 10390 | D:6      | Reached *** piety under Okawaru
 10391 | D:6      | Reached skill level 11 in Unarmed Combat
 10438 | D:6      | Learned a level 2 spell: Slow
 10878 | D:7      | Noticed a deep elf pyromancer
 10902 | D:7      | Killed a deep elf pyromancer
 10903 | D:7      | Reached skill level 1 in Spellcasting
 10903 | D:7      | Reached skill level 1 in Hexes
 11392 | D:7      | Learned a level 4 spell: Cause Fear
 11730 | D:6      | Reached **** piety under Okawaru
 11963 | D:6      | Reached XP level 10. HP: 62/75 MP: 14/14
 12149 | D:7      | Identified the +0 pair of gloves "Uxkein" {rF+ rC+ MP+9
                  | Slay+3}
 12480 | D:7      | Learned a level 2 spell: Blink
 12498 | D:7      | Found a shimmering altar of Xom.
 12536 | D:7      | Found a shimmering blue altar of Sif Muna.
 12835 | D:8      | Reached skill level 1 in Translocations
 13003 | D:8      | Found an ornate altar of the Wu Jian Council.
 13033 | D:8      | Found an ancient bone altar of Kikubaaqudgha.
 13092 | D:8      | Reached skill level 12 in Unarmed Combat
 13132 | D:8      | Noticed a two-headed ogre
 13164 | D:7      | Killed a two-headed ogre
 13164 | D:7      | Reached ***** piety under Okawaru
 13709 | D:8      | Noticed Joseph
 13734 | D:7      | Killed Joseph
 13994 | D:8      | Identified the ring "Osoas" {*Corrode rPois rF- Dex+5 SInv}
 14342 | D:8      | Found a staircase to the Lair.
 14513 | D:8      | Reached skill level 5 in Hexes
 14667 | D:8      | Found a runed translucent gate.
 14667 | D:8      | Found a runed translucent gate.
 14667 | D:8      | Found a runed translucent gate.
 14667 | D:8      | Noticed Foxy's ghost (novice DsFi)
 14682 | D:8      | Found a basalt altar of Yredelemnul.
 15462 | D:9      | Reached XP level 11. HP: 73/81 MP: 17/17
 15524 | Lair:1   | Entered Level 1 of the Lair of Beasts
 16327 | Lair:1   | Reached skill level 13 in Unarmed Combat
 16512 | Lair:2   | Noticed Urug
 16512 | Lair:2   | Noticed Harold
 16525 | Lair:1   | Slain by a black mamba

Illustrated notes

Levels and vault maps discovered:
D:1:      dpeg_arrival_prison, layout_basic,
          hellmonk_ecumenical_altar_watching_god
D:2:      wad_lake_hut, layout_basic, uniq_robin, uniq_jessica
D:3:      layout_loops_corners, general_overflow_altar,
          wad_floor_pattern_untrapped
D:4:      layout_rooms, kennysheep_slug_shrine, minmay_temple_entry_waves,
          minmay_surrounded, uniq_natasha
D:5:      minmay_goblin_kobold_castle, layout_loops_ring
D:6:      layout_rooms, grunt_temple_overflow_diamond, enter_ossuary_4,
          minmay_joined_circles, uniq_maggie
D:7:      cheibrodos_fzero, layout_basic, mainiacjoe_overflow_two_lobes
D:8:      layout_loops_cross, kennysheep_mini_moat,
          nicolae_yredelemnul_ghost_church, mainiacjoe_overflow_small_starburst,
          grunt_lair_entry_orc_guard_hut, minmay_misc_feat_diagonals,
          uniq_joseph
D:9:      layout_roguey, hangedman_incinerator
Temple:   minmay_temple_forest_path
Lair:1:   layout_regular_city
Lair:2:   layout_roguey, nzn_sisyphean_effort, uniq_urug, uniq_harold

Skill      XL: |  1  2  3  4  5  6  7  8  9 10 11 |
---------------+----------------------------------+-----
Unarmed Combat | 1 2 3 5 6 8 10 11 12 13 | 13.0
Evocations     | 4 |  4.5
Invocations    | 3 4 |  4.8
Fighting       | 2 |  2.8
Spellcasting   | 2 4 |  4.0
Hexes          | 2 5 6 |  6.3
Dodging        | 3 |  3.1
Translocations | 4 |  4.0
Stealth        | |  0.8

Action                   |  1- 3 |  4- 6 |  7- 9 | 10-12 || total
-------------------------+-------+-------+-------+-------++-------
Melee: Club              |    51 |       |       |       ||    51
       Tailslap          |    12 |    22 |    28 |    27 ||    89
       Whip              |   111 |    97 |       |       ||   208
       Hand axe          |     3 |       |       |       ||     3
       Unarmed           |       |   109 |   285 |   204 ||   598
       Punch             |       |     2 |    10 |    10 ||    22
Invok: Heroism           |       |       |       |     5 ||     5
 Abil: Breathe Steam     |       |       |    18 |    12 ||    30
Evoke: Wand              |       |     3 |     2 |     1 ||     6
  Use: Scroll            |       |     5 |     4 |     5 ||    14
       Potion            |       |       |     5 |     2 ||     7
 Stab: Sleeping          |     3 |     2 |       |     1 ||     6
       Distracted        |       |       |     2 |       ||     2
Armor: Skin              |    75 |    59 |    65 |    53 ||   252
Dodge: Dodged            |   167 |   144 |   266 |   162 ||   739
